[Event "*** Titled Tuesday Blitz"]
[Site "Chess.com"]
[Date "2020.05.19"]
[Round "8"]
[White "Chess_Boxer123"]
[Black "kasparicy"]
[Result "1/2-1/2"]
[WhiteElo "2550"]
[BlackElo "2416"]
[TimeControl "180+1"]
[EndTime "13:37:20 PDT"]
[Termination "Game drawn - insufficient material"]

1. Nf3 f5 2. d4 Nf6 3. Bf4 e6 4. e3 c5 5. Nbd2 b6 6. c3 Bb7 7.
h3 Be7 8. Bd3 O-O 9. Qe2 d6 10. e4 fxe4 11. Nxe4 Nxe4 12. Bxe4 d5 13. Bxh7+ Kxh7 14. Be5 Nc6 15. O-O-O cxd4 16. cxd4 Bf6 17. h4 Rc8 18. Kb1 Bxe5 19. Ng5+ Kg8 20. Nxe6 Qf6 21.
Nxf8 Bxd4 22. Qe6+ Qxe6 23. Nxe6 Bxf2 24. Rhf1 Bxh4 25.
Rxd5 Nb4 26. Rd4 Be7 27. a3 Ba6 28. Re1 Bd3+ 29. Rxd3 Nxd3 30. Re3 Nc5 31. Nxg7 Bf6 32. Nf5 Na4 33. Re6 Bxb2 34. Ne7+ Kf7 35. Re4 Rc1+ 36. Ka2 Rg1 37. Kb3 Bf6 38. Rxa4 Bxe7 39. Rxa7 Rxg2 40. a4 Rg5 41. Kc4 Rc5+ 42. Kb3 Ke6 43. Rb7 Bd8 44. Rb8 Kd7 45. Rb7+ Kc6 46. Rh7 Bc7 47. Rh6+ Bd6 48. Rg6 Rh5 49. Rf6 Kd5 50. Rg6 Rh3+ 51. Kb2 Bc5 52. Rg4 Bd4+ 53. Kc2 Kc4 54. Rg5 Rh2+ 55. Kb1 Kb3 56. Kc1 Kxa4 57. Rd5 Bc5 58. Kd1 Kb3 59. Rd7 b5 60. Rb7 b4 61. Kc1 Be3+ 62. Kd1 Rd2+ 63.
Ke1 Rc2 64. Kd1 Bd4 65. Rxb4+ Kxb4 66. Kxc2 1/2-1/2

[Event "*** Titled Tuesday Blitz"]
[Site "Chess.com"]
[Date "2020.05.19"]
[Round "8"]
[White "PawnEatingZombie"]
[Black "powermove"]
[Result "1/2-1/2"]
[WhiteElo "2233"]
[BlackElo "1709"]
[TimeControl "180+1"]
[EndTime "13:37:20 PDT"]
[Termination "Game drawn by repetition"]

1. d4 Nf6 2. c4 c5 3. d5 b5 4. cxb5 a6 5. e3 g6 6. Nc3 Bg7 7. a4 O-O 8. Nf3 Bb7 9. e4 e6 10. Be2 exd5 11. exd5 d6 12. O-O axb5 13. Bxb5 Nbd7 14. Bf4 Qc7 15. h3 Rfe8 16. Qd2 Ne4 17. Nxe4 Rxe4 18. Ng5 Rb4 19. Rab1 Nb6 20. Rfe1 Nxd5 21.
Bg3 Bh6 22. f4 Rd4 23. Qc1 Nb4 24. Rd1 Na2 25. Qc2 Nb4 26. Qe2 Bxg5 27. fxg5 Re4 28.
Qf2 Qe7 29. Bxd6 Qxg5 30. Re1 Rxe1+ 31. Rxe1 Rc8 32. Bc4 Bd5 33. Bf4 Qf5 34. Bxd5 Qxd5 35. Qg3 Nd3 36. Rf1 Qd4+ 37. Kh2 Nxf4 38. Qxf4 Qxf4+ 39. Rxf4 Rb8 40. Rc4 Rxb2 41. Rxc5 Ra2 42. Ra5 h5 43. Ra7 Kg7 44. h4 Ra3 45. g3 Ra2+ 46. Kh3 Ra3 47. Kg2 Ra2+ 48. Kf3 Ra3+ 49. Kf4 Ra2 50.
Ke4 Ra3 51. Kf4 Ra2 52. Ke4 Ra3 53. Kf4 1/2-1/2

[Event "*** Titled Tuesday Blitz"]
[Site "Chess.com"]
[Date "2020.05.19"]
[Round "8"]
[White "Sibelephant"]
[Black "Gordima"]
[Result "1-0"]
[WhiteElo "3165"]
[BlackElo "2780"]
[TimeControl "180+1"]
[EndTime "13:37:21 PDT"]
[Termination "Sibelephant won on time"]

1. d4 Nf6 2. Nf3 d5 3. Bg5 c5 4. e3 Nc6 5. Nbd2 cxd4 6. exd4 Bg4 7. c3 e6 8. Bd3 Be7 9. O-O Bh5 10. Qb3 Qc7 11.
Rae1 O-O 12. Ne5 Bd6 13. f4 Bg6 14. Bxg6 hxg6 15. Qd1 Rfb8 16. Qf3 Ne7 17. Qh3 Re8 18.
Bxf6 gxf6 19. Nxf7 Kxf7 20. Qh7+ Kf8 21. Rxe6 Ng8 22.
Rxe8+ Rxe8 23. Qxg6 Bxf4 24. Nf3 Qe7 25. Qg4 Qe4 26.
Qh5 Re7 27. Nh4 Rg7 28. Kh1 Ne7 29. Qh8+ Kf7 30. Qh5+ Ke6 31. Nf3 Kd7 32. Re1 Qg6 33. Qh3+ Qg4 34. Qxg4+ Rxg4 35. g3 Bd6 36. Kg2 Rg8 37.
Kf2 b5 38. a3 a5 39. Nd2 b4 40. axb4 axb4 41. Ke2 bxc3 42. bxc3 Rc8 43. Kd3 Rh8 44. Re2 Nc8 45. Rf2 Be7 46. Nf1 Nd6 47. Ne3 Ke6 48.
Ra2 Rc8 49. Re2 Ne4 50. c4 f5 51. Nxd5 Bd6 52. g4 1-0

[Event "*** Titled Tuesday Blitz"]
[Site "Chess.com"]
[Date "2020.05.19"]
[Round "8"]
[White "hongnhung1234"]
[Black "JLRHei"]
[Result "0-1"]
[WhiteElo "2190"]
[BlackElo "2328"]
[TimeControl "180+1"]
[EndTime "13:37:21 PDT"]
[Termination "JLRHei won by checkmate"]

1. e4 c5 2. Nc3 e6 3. f4 Nf6 4.
Nf3 d5 5. Bb5+ Bd7 6. Bxd7+ Qxd7 7. e5 Ng4 8. O-O Be7 9. d3 O-O 10. Ng5 Bxg5 11. Qxg4 Be7 12. Bd2 f5 13. exf6 Rxf6 14. Rae1 Nc6 15. Rf3 Nd4 16. Rg3 Nf5 17. Rh3 Rg6 18.
Qh5 Rh6 19. Qg4 Rxh3 20. Qxh3 Re8 21. Nd1 Bd6 22. Nf2 Qc7 23. Qf3 Nd4 24. Qh5 Qf7 25.
Qxf7+ Kxf7 26. c3 Nc6 27. Ng4 h6 28. g3 b5 29. Kg2 a5 30. Kf3 b4 31. Be3 bxc3 32. bxc3 Rb8 33. Ne5+ Bxe5 34. fxe5 Nxe5+ 35. Kg2 Rb2+ 36. Kh3 Rxh2+ 37. Kxh2 Nf3+ 38. Kh3 Nxe1 39. Bxc5 Nxd3 40. Bb6 a4 41. Bd4 e5 42. Be3 Kf6 43.
Kg2 Kf5 44. Kf3 h5 45. Bd2 g5 46. Ke3 Nc5 47. Bc1 Ne4 48. Kf3 Nxc3 49. a3 Nb5 50. Bb2 h4 51. g4+ Ke6 52. Ke3 Nd6 53. Kf3 Nc4 54.
Bc1 e4+ 55. Kg2 e3 56. Kf3 Ke5 57. Ke2 Ke4 58. Kf1 d4 59. Kg2 d3 60. Kh3 d2 61.
Bb2 d1=Q 62. Be5 Qh1+ 63. Bh2 Qf3+ 64. Bg3 Qxg3# 0-1

[Event "*** Titled Tuesday Blitz"]
[Site "Chess.com"]
[Date "2020.05.19"]
[Round "8"]
[White "Noam_Vitenberg"]
[Black "EnergeticHay"]
[Result "0-1"]
[WhiteElo "2386"]
[BlackElo "2166"]
[TimeControl "180+1"]
[EndTime "13:37:21 PDT"]
[Termination "EnergeticHay won on time"]

1. e4 c5 2. Nf3 d6 3. d4 cxd4 4. Nxd4 Nf6 5. Nc3 a6 6. Be3 e6 7. Be2 Qc7 8. Qd2 b5 9. f3 Nbd7 10. O-O-O b4 11. Na4 d5 12. exd5 Nxd5 13. Bg5 h6 14.
Bh4 Qf4 15. Bg3 Qxd2+ 16. Rxd2 Bb7 17. Re1 g5 18. Bc4 O-O-O 19. Kb1 Bg7 20. Nf5 exf5 21. Bxd5 f4 22. Bf2 Ne5 23. Bxb7+ Kxb7 24. Rde2 Kc6 25. b3 Rhe8 26. Nc5 a5 27. Nd3 Nxd3 28. Rxe8 Rxe8 29.
Rxe8 Nxf2 30. Re2 Bd4 31. Re7 f5 32. Re6+ Kd5 33. Rxh6 Nd1 34. Ra6 Ne3 35. Rxa5+ Bc5 36.
a3 Nxg2 37. axb4 Ne1 38. Rxc5+ Kd6 39. Rxf5 Nxf3 40. Kc1 Ke6 41. Rf8 Ke7 42. Rg8 Kf7 43.
Rh8 Kg7 44. Rh3 g4 45. Rh5 Kg6 46. Rh8 Kg7 47. Rh5 Kg6 48. Rh8 Kg7 49. Re8 Nxh2 50. Kd2 f3 51. Ke1 g3 52. Re7+ Kf6 53. Re8 f2+ 54.
Kd2 Nf3+ 0-1

[Event "*** Titled Tuesday Blitz"]
[Site "Chess.com"]
[Date "2020.05.19"]
[Round "8"]
[White "gena217"]
[Black "Hikaru"]
[Result "0-1"]
[WhiteElo "2871"]
[BlackElo "3190"]
[TimeControl "180+1"]
[EndTime "13:37:22 PDT"]
[Termination "Hikaru won on time"]

1. e4 g6 2. d4 Bg7 3. Nf3 a6 4. c4 d6 5. Nc3 Bg4 6. Be2 Nc6 7.
Ng1 Bd7 8. d5 Nd4 9. Be3 c5 10.
dxc6 Nxc6 11. Nf3 Nf6 12. h3 O-O 13. O-O Be6 14. Qd2 Qa5 15. Rac1 Rfc8 16. Rfd1 b5 17. cxb5 axb5 18. Ng5 b4 19. Nd5 Bxd5 20. exd5 Ne5 21. Rxc8+ Rxc8 22. a3 Rb8 23. Nf3 Nxf3+ 24. Bxf3 Qa4 25.
axb4 Qxb4 26. Qxb4 Rxb4 27. Rc1 Bf8 28. Rc2 Nd7 29. Bd2 Rb3 30. Bc3 Bg7 31. Bxg7 Kxg7 32. Rc7 Ne5 33. Rxe7 Nxf3+ 34. gxf3 Rxf3 35. Kg2 Rd3 36. b4 Rxd5 37. Rb7 Kf6 38. b5 Rd3 39. b6 Rb3 40.
Rb8 Ke7 41. b7 h5 42. Kf1 h4 43. Ke2 g5 44. Kd2 Kf6 45. Kc2 Rb6 46. Kc3 Kg7 47.
Kd4 f5 48. Ke3 Rb3+ 49. Ke2 g4 50. Kf1 g3 51. fxg3 hxg3 52. Kg2 f4 53. h4 d5 54. h5 d4 55. h6+ Kh7 56. Kh3 d3 57. Rd8 Rxb7 58. Rxd3 Rb2 0-1

[Event "*** Titled Tuesday Blitz"]
[Site "Chess.com"]
[Date "2020.05.19"]
[Round "8"]
[White "JoachimMouhamad"]
[Black "Machidon"]
[Result "0-1"]
[WhiteElo "2319"]
[BlackElo "2526"]
[TimeControl "180+1"]
[EndTime "13:37:22 PDT"]
[Termination "Machidon won on time"]

1. e4 c6 2. d4 d5 3. Nd2 dxe4 4. Nxe4 Bf5 5. Ng3 Bg6 6. h4 h6 7. Nf3 Nf6 8. Ne5 Bh7 9. f4 e6 10. Be3 Nbd7 11. Bd3 Bxd3 12. Qxd3 c5 13. O-O-O Be7 14. Ne4 cxd4 15. Bxd4 Nxe5 16. Nxf6+ Bxf6 17. fxe5 Be7 18.
Qb5+ Kf8 19. Bc5 Qc7 20. Bxe7+ Qxe7 21. Rd7 Qe8 22. Rf1 g5 23. Qxb7 Rh7 24. hxg5 hxg5 25.
Qb4+ Kg8 26. Re7 Qd8 27. Qd6 Qxd6 28. exd6 Rd8 29. Rd1 Rh2 30. Rxa7 Rxg2 31. c4 Rf2 32. c5 Rf5 33. b4 Rf4 34. a3 g4 35. Kb2 Rf2+ 36. Kb3 Rf3+ 37. Ka4 Rc3 38. Rg1 g3 39. Kb5 Kf8 40. Rc7 Rxa3 41. c6 Rxd6 42. Rc8+ Ke7 43. Kb6 Rb3 44. b5 Rd5 45. Rc7+ Kf6 46. Rf1+ Kg6 0-1

[Event "*** Titled Tuesday Blitz"]
[Site "Chess.com"]
[Date "2020.05.19"]
[Round "8"]
[White "dopolian"]
[Black "CzechmVIII"]
[Result "1-0"]
[WhiteElo "2350"]
[BlackElo "2196"]
[TimeControl "180+1"]
[EndTime "13:37:22 PDT"]
[Termination "dopolian won by resignation"]

1. Nf3 c5 2. c4 Nf6 3. Nc3 b6 4. g3 Bb7 5. Bg2 e6 6. O-O Be7 7. d4 cxd4 8. Nxd4 Bxg2 9. Kxg2 Qc8 10. Qd3 Nc6 11. Nxc6 Qxc6+ 12. e4 Rc8 13. b3 d5 14.
exd5 exd5 15. Nxd5 O-O 16. Kg1 Nxd5 17. cxd5 Qc2 18. Rd1 Bf6 19. Qxc2 Rxc2 20. Rb1 Rd8 21. Bf4 Rxa2 22. Rbc1 g5 23. Bc7 Rd7 24. d6 Rb2 25. Rd3 Be5 26. Re1 f6 27. f4 gxf4 28. gxf4 Bxf4 29.
Re7 Bxh2+ 30. Kh1 Rxe7 31. dxe7 Kf7 32. Bxh2 Kxe7 33. Bb8 a6 34. Bc7 b5 35. b4 Kf7 36. Ba5 f5 37. Rd6 f4 38. Rxa6 f3 39.
Kg1 Rb1+ 40. Kf2 Rb3 41. Rb6 h5 42. Rxb5 h4 43. Rh5 Ke6 44. Rxh4 Kd5 45. Rf4 Kc6 46. Rxf3 Rb2+ 47. Kg3 Kb5 48. Rf5+ Ka4 49. Kf4 Re2 50. Re5 Rf2+ 51. Ke4 Re2+ 52. Kd5 Rd2+ 53. Kc6 Rd1 54. Rc5 Kb3 55. b5 Rh1 56. Rd5 Rh6+ 57. Rd6 Rh5 58. b6 Rxa5 59. b7 Ra6+ 60. Kc7 Ra7 61. Kc8 Rxb7 62. Kxb7 1-0

[Event "*** Titled Tuesday Blitz"]
[Site "Chess.com"]
[Date "2020.05.19"]
[Round "8"]
[White "Gloomy_Wanderer"]
[Black "VojtechPlat"]
[Result "1-0"]
[WhiteElo "2771"]
[BlackElo "2877"]
[TimeControl "180+1"]
[EndTime "13:37:23 PDT"]
[Termination "Gloomy_Wanderer won by resignation"]

1. d4 d5 2. c4 Nc6 3. Nc3 e6 4. Nf3 Nf6 5. Bg5 Bb4 6. e3 h6 7. Bxf6 Qxf6 8. Qb3 dxc4 9. Bxc4 O-O 10. O-O Bd6 11. Bb5 Bd7 12. Rac1 a6 13. Bd3 Rab8 14. Bb1 Qe7 15. Qc2 f5 16. a3 Qf7 17. Ba2 Ne7 18. Rfd1 Nd5 19. Ne5 Bxe5 20. dxe5 c6 21. e4 Nxc3 22. bxc3 fxe4 23. Rd6 Rbe8 24. Re1 c5 25. Rxe4 Bc6 26. Re3 Kh8 27. f3 Qf4 28. Qd2 Rf5 29.
Re2 Qxd2 30. Rdxd2 Kg8 31. Rd6 Kf7 32. Kf2 Rf4 33. Bb3 c4 34. Bc2 Ke7 35. Ke3 Rff8 36. f4 Rd8 37. Rxd8 Rxd8 38. g3 Rd5 39. Be4 Ra5 40.
Bxc6 bxc6 41. Rb2 Rd5 42. Rd2 Rb5 43. Rd4 Rb6 44. Rxc4 Rb3 45. Rxc6 Rxa3 46. g4 a5 47. f5 exf5 48. gxf5 Ra1 49. Kd4 Rd1+ 50. Kc4 Re1 51.
Rc7+ Kd8 52. Rc5 a4 53. Kb4 Re4+ 54. c4 Rf4 55. e6 Ke7 56. Kxa4 Rf2 57. Rc7+ Kd6 58.
Rd7+ Kc6 59. Rf7 Rxh2 60. Rxg7 Rf2 61. Rf7 h5 62. f6 h4 63. e7 Kd7 64. Rf8 1-0

[Event "*** Titled Tuesday Blitz"]
[Site "Chess.com"]
[Date "2020.05.19"]
[Round "8"]
[White "TenisMaster"]
[Black "CaspiIsrael"]
[Result "1-0"]
[WhiteElo "2793"]
[BlackElo "2609"]
[TimeControl "180+1"]
[EndTime "13:37:23 PDT"]
[Termination "TenisMaster won by checkmate"]

1. e4 e5 2. Nf3 Nc6 3. Bb5 g6 4. d4 exd4 5. Bg5 Be7 6. Bxe7 Qxe7 7. Bxc6 dxc6 8. Qxd4 Nf6 9. Nc3 Bg4 10. Nd2 c5 11. Qe3 O-O-O 12. f3 Bd7 13. O-O-O Bc6 14. h4 h5 15. Qg5 b6 16. Nc4 Qe6 17. Qe5 Rde8 18.
Qxe6+ Rxe6 19. b3 Rd8 20. a4 a6 21. Ne2 Ree8 22. Nf4 Nd7 23. Rd3 Nf8 24. Rhd1 Rxd3 25. Nxd3 Re7 26. a5 Kb7 27. Nde5 b5 28. Nxc6 Kxc6 29. Ne3 Ne6 30. Nd5 Rd7 31. c3 Kb7 32. Kc2 c6 33. Nf6 Rxd1 34. Kxd1 Nf4 35. g3 Nd3 36. Kd2 c4 37. bxc4 bxc4 38. Ne8 Ne5 39. f4 Nf3+ 40. Ke3 Nh2 41. Nd6+ Kc7 42. Nxf7 Nf1+ 43.
Kf2 Nd2 44. Ke3 Nf1+ 45. Kd4 Nxg3 46. Ne5 Ne2+ 47. Ke3 Nxc3 48. Nxg6 Nb5 49. f5 Kd7 50. e5 Ke8 51. e6 c3 52. f6 Nd6 53. Kd3 c2 54.
Kxc2 Nf7 55. exf7+ Kxf7 56. Nf4 Kxf6 57. Nxh5+ Kf5 58.
Ng3+ Kg4 59. h5 Kxg3 60. h6 Kf4 61. h7 Ke5 62. h8=Q+ Kd5 63. Qc8 Kc5 64. Qxa6 Kb4 65. Qb6+ Ka3 66. a6 c5 67. a7 c4 68. a8=Q# 1-0

[Event "*** Titled Tuesday Blitz"]
[Site "Chess.com"]
[Date "2020.05.19"]
[Round "8"]
[White "PIwan"]
[Black "Bathory44"]
[Result "0-1"]
[WhiteElo "2501"]
[BlackElo "2590"]
[TimeControl "180+1"]
[EndTime "13:37:23 PDT"]
[Termination "Bathory44 won by resignation"]

1. c4 Nf6 2. Nc3 g6 3. e4 d6 4. d4 Bg7 5. f3 O-O 6. Bg5 c5 7.
d5 e6 8. Qd2 exd5 9. cxd5 a6 10.
a4 Nbd7 11. Nge2 h6 12. Be3 Re8 13. Nc1 Nh5 14. Be2 Qh4+ 15. Bf2 Qg5 16. Qxg5 hxg5 17. Be3 Nf4 18. Bf1 Ne5 19. g3 Nh5 20. Kf2 g4 21. f4 Nf3 22. Bg2 Bxc3 23. bxc3 Nf6 24. Bxf3 gxf3 25. Kxf3 Bg4+ 26. Kg2 Rxe4 27. Bf2 Nxd5 28.
h3 Bd7 29. Rd1 Bc6 30. Kg1 Rae8 31. c4 Nc3 32. Rxd6 Rxc4 33. Nd3 Ne2+ 34. Kf1 Rxa4 35.
Re1 Rae4 36. Ne5 Bb5 37. Kg2 Kg7 38. Kf3 Ra4 39. Rxe2 Bxe2+ 40. Kxe2 f6 41. Rd7+ Kg8 42. Rd6 fxe5 43. Rxg6+ Kf7 44. Rb6 exf4+ 45. Kf3 fxg3 46. Rxb7+ Kg6 47. Bxg3 Ra3+ 48. Kg4 Rg8 49. Rb6+ Kf7+ 50.
Kf5 Rgxg3 51. Rb7+ Ke8 52. Ke6 Rge3+ 53. Kd6 Rab3 54. Ra7 Rb6+ 55. Kxc5 Rh6 56. Ra8+ Kd7 57. Ra7+ Kc8 58. Ra8+ Kb7 0-1

[Event "*** Titled Tuesday Blitz"]
[Site "Chess.com"]
[Date "2020.05.19"]
[Round "8"]
[White "Zubrrr"]
[Black "mbachez"]
[Result "0-1"]
[WhiteElo "2645"]
[BlackElo "2502"]
[TimeControl "180+1"]
[EndTime "13:37:24 PDT"]
[Termination "mbachez won on time"]

1. c4 e5 2. g3 Nf6 3. Bg2 Bc5 4. Nc3 O-O 5. Nf3 e4 6. Ng5 Bxf2+ 7. Kxf2 Ng4+ 8.
Kg1 Qxg5 9. Nxe4 Qe7 10. h3 f5 11. Nc3 Nf6 12. d4 Nc6 13. Bf4 d6 14. Qd2 Bd7 15.
Kh2 Rae8 16. Rhf1 Qf7 17. Bg5 Kh8 18. Bxf6 Qxf6 19. e3 Qh6 20. Rae1 Bc8 21. Nd5 Rf7 22. Qf2 Ref8 23. e4 Kg8 24. e5 dxe5 25. dxe5 Nd8 26. Qxa7 c6 27. Nc3 Ne6 28. Qe3 f4 29. gxf4 Nxf4 30. Qg3 Be6 31. b3 Nh5 32. Qd3 Qg5 33.
Rxf7 Rxf7 34. Ne4 Qxe5+ 35. Kg1 Rd7 36. Qe3 Nf4 37. Nf2 Qg5 38. Ng4 Rd8 39. Qe5 h6 40.
Qxg5 hxg5 41. Ne3 Rd2 42. Bf1 Rxa2 43. Rd1 Bxh3 44. Bxh3 Nxh3+ 45. Kf1 Rf2+ 46. Ke1 Rf3 47. Ke2 Rf2+ 48. Ke1 Rh2 49. Rd8+ Kf7 50. Rd7+ Ke6 51. Rxb7 Nf4 52. Rxg7 Re2+ 53. Kd1 Rxe3 54. Rxg5 Rxb3 55. Kc2 Rf3 56. Ra5 Kd6 0-1

[Event "*** Titled Tuesday Blitz"]
[Site "Chess.com"]
[Date "2020.05.19"]
[Round "8"]
[White "Kolle05"]
[Black "Bastiandash"]
[Result "1-0"]
[WhiteElo "2394"]
[BlackElo "2199"]
[TimeControl "180+1"]
[EndTime "13:37:25 PDT"]
[Termination "Kolle05 won by resignation"]

1. e4 c5 2. Nf3 e6 3. d3 a6 4.
g3 b5 5. Bg2 Bb7 6. O-O d6 7.
Re1 Nf6 8. c3 Nbd7 9. a4 Be7 10.
Nbd2 O-O 11. d4 cxd4 12. cxd4 e5 13. Qe2 Qb6 14. a5 Qc7 15. d5 Rac8 16. b4 Qc3 17. Rb1 Qc7 18. Bb2 Qb8 19. Nb3 Rc7 20. Rbc1 Rfc8 21. Rxc7 Rxc7 22. Bh3 Qc8 23. Qd3 Rc2 24.
Rc1 Rc4 25. Nfd2 Rxc1+ 26. Nxc1 Qc7 27. Ne2 Bc8 28. Qc3 Qxc3 29. Bxc3 Bb7 30. Nc1 Kf8 31. Nd3 Ke8 32. f4 exf4 33. gxf4 g6 34. Kf2 h5 35. Kf3 Kd8 36. Nb3 Nxd5 37. Bd4 N5f6 38. Nd2 d5 39. e5 Ne4 40. Ke3 Nxd2 41. Kxd2 Nf8 42. Bb6+ Ke8 43. Bc5 Ne6 44. Bxe7 Kxe7 45. Bxe6 fxe6 46.
Nc5 Bc8 47. Ke3 Kf7 48. Kd4 Kg7 49. Nb3 Kh6 50. h4 g5 51. fxg5+ Kg6 52. Kc5 Kf5 53. Kd6 d4 54. Nxd4+ Kg6 55. Nxe6 1-0

[Event "*** Titled Tuesday Blitz"]
[Site "Chess.com"]
[Date "2020.05.19"]
[Round "8"]
[White "Msb2"]
[Black "AnthonyWirig"]
[Result "1-0"]
[WhiteElo "2896"]
[BlackElo "2666"]
[TimeControl "180+1"]
[EndTime "13:37:26 PDT"]
[Termination "Msb2 won by resignation"]

1. d4 Nf6 2. Nc3 d5 3. Bf4 a6 4. e3 c5 5. dxc5 e6 6. b4 Nc6 7. a3 Be7 8. Nf3 O-O 9. Bd3 Nh5 10. Ne2 Nxf4 11. exf4 b6 12. cxb6 Qxb6 13. O-O Bd7 14. c4 dxc4 15. Bxc4 Rfd8 16. Qb3 a5 17. b5 a4 18. Qa2 Na5 19. Rfb1 Bc5 20. Nc3 Nxc4 21.
Qxc4 Bxf2+ 22. Kh1 Rdc8 23. Qd3 Be8 24. Ne4 h6 25.
Ra2 Rd8 26. Qe2 Be3 27. Ne5 Bxf4 28. Ng3 Bxe5 29. Qxe5 Rd5 30. Qf4 Rxb5 31. Rf1 Rb2 32. Raa1 Rc8 33. Ne4 Qb7 34. Qg4 Kf8 35. Nd6 Qc6 36.
Nxc8 Qxc8 37. Qd4 Qb7 38. Rf2 Rb3 39. Kg1 Bc6 40. Re1 Bd5 41. Qxa4 Rb1 42. Rxb1 Qxb1+ 43.
Rf1 Qb6+ 44. Kh1 Qb7 45. Qb4+ Qxb4 46. axb4 Ke7 47. Rc1 Kd6 48. Kg1 f5 49. g3 g5 50.
Kf2 h5 51. Rc8 e5 52. b5 f4 53. b6 Ke6 54. Rc7 e4 55. b7 e3+ 56. Ke2 1-0

[Event "*** Titled Tuesday Blitz"]
[Site "Chess.com"]
[Date "2020.05.19"]
[Round "8"]
[White "Evgeny81"]
[Black "Titus369"]
[Result "1-0"]
[WhiteElo "2724"]
[BlackElo "2516"]
[TimeControl "180+1"]
[EndTime "13:37:27 PDT"]
[Termination "Evgeny81 won by resignation"]

1. e4 c5 2. Nf3 d6 3. d4 cxd4 4. Qxd4 a6 5. c4 Nc6 6. Qe3 g6 7. Nc3 Bg7 8. Be2 Nf6 9. h3 O-O 10. O-O Bd7 11. Rd1 Rc8 12. Bd2 Qc7 13. b3 Qb8 14.
Rac1 Qa7 15. Qxa7 Nxa7 16. e5 dxe5 17. Nxe5 Be6 18. Bf3 Nc6 19. Nxc6 bxc6 20. Be3 Nd7 21. Na4 Rfd8 22. Nb6 Nxb6 23. Bxb6 Rd6 24. c5 Rxd1+ 25. Rxd1 Bc3 26. Rd8+ Rxd8 27. Bxd8 Bb4 28. Bxe7 Bd7 29. Be2 a5 30. Bc4 Kg7 31. Kf1 Bf5 32. Ke2 Ba3 33. Bd3 Bxd3+ 34. Kxd3 f6 35. Kc4 Kf7 36. Bd6 Ke6 37.
Bf4 Bb4 38. Bc1 h5 39. f3 Be1 40. Bb2 g5 41. a3 Bf2 42. Bc3 Kf5 43. Bxa5 g4 44.
fxg4+ hxg4 45. hxg4+ Kxg4 46. Bc7 f5 47. a4 Bg3 48.
Bxg3 Kxg3 49. a5 Kxg2 50. a6 f4 51. a7 f3 52. a8=Q f2 53. Qxc6+ Kg1 54. Qg6+ Kh1 55.
Qh5+ Kg2 56. Qg4+ Kh1 57. Qf3+ Kg1 58. b4 Kh2 59. Qxf2+ Kh1 60. Qb2 1-0

[Event "*** Titled Tuesday Blitz"]
[Site "Chess.com"]
[Date "2020.05.19"]
[Round "8"]
[White "csati17"]
[Black "GMKrikor"]
[Result "0-1"]
[WhiteElo "2564"]
[BlackElo "2753"]
[TimeControl "180+1"]
[EndTime "13:37:27 PDT"]
[Termination "GMKrikor won by resignation"]

1. c4 Nf6 2. Nc3 d5 3. cxd5 Nxd5 4. g3 g6 5. Bg2 Nb6 6. Nf3 Bg7 7. O-O Nc6 8. d3 O-O 9. Be3 e5 10. Rc1 Nd4 11. Nd2 c6 12. Nc4 Nxc4 13. dxc4 Be6 14.
Qa4 Qb6 15. b3 Rfd8 16. Rfd1 Bf8 17. Bg5 Re8 18. e3 h6 19. exd4 hxg5 20. dxe5 Bg7 21. Ne4 Bf5 22. c5 Qc7 23. Nxg5 Rxe5 24. Nf3 Re2 25. Re1 Rae8 26. Bf1 Rxe1 27. Rxe1 Rxe1 28. Nxe1 Qe5 29. Qb4 Qd4 30. Qxd4 Bxd4 31. Bd3 Be6 32.
Bc4 Bxc4 33. bxc4 Bxc5 34. Nd3 Bd6 35. a4 f5 36. Kf1 Kf7 37. h4 Ke6 38. Ke2 a6 39.
Kf3 b5 40. cxb5 cxb5 41. axb5 axb5 42. g4 fxg4+ 43. Kxg4 Kf6 44. h5 gxh5+ 45. Kxh5 Kf5 46. Nc1 Ke4 47. Kg4 Ba3 48. Ne2 Kd3 49. Nf4+ Kc4 50.
Ng6 Bd6 51. Nh4 b4 52. Nf5 Bc5 53. Ng3 b3 54. Ne4 Bb4 0-1

[Event "*** Titled Tuesday Blitz"]
[Site "Chess.com"]
[Date "2020.05.19"]
[Round "8"]
[White "Angel_Hranitel_37"]
[Black "CakeinSpace2002"]
[Result "1-0"]
[WhiteElo "2358"]
[BlackElo "2216"]
[TimeControl "180+1"]
[EndTime "13:37:27 PDT"]
[Termination "Angel_Hranitel_37 won by resignation"]

1. d4 Nf6 2. Nf3 c5 3. d5 g6 4. c4 b5 5. Qc2 bxc4 6. e4 d6 7. Bxc4 Bg7 8. O-O O-O 9. Nc3 Ba6 10. Nb5 Bxb5 11. Bxb5 Qa5 12. a4 Na6 13. Bd2 Nb4 14.
Qc4 a6 15. Bc6 Rab8 16. e5 Ne8 17. Qh4 Qc7 18. Ng5 h6 19. Ne4 Nxc6 20. dxc6 Qxc6 21. Rfe1 d5 22. Nc3 g5 23. Qh5 Rxb2 24. Rad1 c4 25. Bc1 Rb3 26. Nxd5 Qe6 27. f4 gxf4 28. Nxf4 Qb6+ 29.
Kh1 c3 30. Nd5 Qe6 31. Nf4 Qc4 32. Rf1 c2 33. Rde1 Rb6 34. e6 Rxe6 35. Nxe6 fxe6 36. Rxf8+ Bxf8 37. Qxe8 Qd3 38. Rg1 Qd1 39. Qg6+ Kh8 40. Qf7 Bg7 41. Qf3 Qxf3 42. gxf3 Bd4 43. Rf1 Kg7 44.
Kg2 Kf6 45. f4 Kf5 46. Kf3 a5 47. Re1 h5 48. Re2 h4 49. Rxc2 1-0

[Event "*** Titled Tuesday Blitz"]
[Site "Chess.com"]
[Date "2020.05.19"]
[Round "8"]
[White "Hippotaner"]
[Black "j2806"]
[Result "1-0"]
[WhiteElo "2317"]
[BlackElo "2024"]
[TimeControl "180+1"]
[EndTime "13:37:27 PDT"]
[Termination "Hippotaner won by resignation"]

1. e4 c5 2. Nf3 d6 3. g3 Nc6 4. Bg2 Nf6 5. d3 e6 6. O-O Be7 7. c3 O-O 8. a4 a6 9. Nbd2 b6 10. Nc4 Bb7 11. Bf4 d5 12. exd5 exd5 13. Nce5 Nxe5 14.
Nxe5 Bd6 15. Re1 Re8 16. Qd2 Qc7 17. d4 cxd4 18. cxd4 Rad8 19. Rac1 Qb8 20. b4 Ne4 21. Bxe4 dxe4 22. Qa2 Rf8 23. b5 axb5 24. axb5 Bc7 25. Rc2 Bd5 26. Qa3 f6 27. Nc6 Bxc6 28. Bxc7 Qxc7 29. Rxc6 Qb7 30. Rxe4 Rc8 31. Re7 Qb8 32. Rxc8 Qxc8 33. Qa7 Qc1+ 34. Kg2 Qg5 35. Qxb6 Qd5+ 36. f3 Rd8 37. Qa7 Qg5 38. Re2 Qd5 39. b6 Qxd4 40. Qc7 Qd7 41. Qc4+ Kh8 42. Rb2 Rb8 43. Qc7 Qc8 44.
Qxc8+ Rxc8 45. b7 Rb8 46. Kf2 Kg8 47. Ke3 Kf7 48. Kd4 Ke7 49. Kc5 Kd7 50. Kb6 g6 51.
Rd2+ Ke7 52. Kc7 Re8 53. b8=Q Rxb8 54. Kxb8 Ke6 55. Kc7 Kf5 56. Rd7 Kg5 57. Rxh7 Kf5 58. h4 g5 59. g4+ Kf4 60. hxg5 fxg5 61. Rf7+ Kg3 62. Rf5 Kh4 63. Rxg5 Kxg5 64. Kd6 Kf4 65. Ke6 Kg5 66. Ke5 Kg6 67. f4 Kf7 68. f5 Kg7 69. g5 Kf7 70. f6 Kf8 71. Ke6 Kg8 72. g6 Kf8 73. f7 Kg7 74. Ke7 Kxg6 75. f8=Q 1-0

[Event "*** Titled Tuesday Blitz"]
[Site "Chess.com"]
[Date "2020.05.19"]
[Round "8"]
[White "MrTattaglia"]
[Black "TigrVShlyape"]
[Result "0-1"]
[WhiteElo "3011"]
[BlackElo "2832"]
[TimeControl "180+1"]
[EndTime "13:37:28 PDT"]
[Termination "TigrVShlyape won on time"]

1. Nf3 Nf6 2. c4 c6 3. Nc3 d5 4.
e3 g6 5. d4 Bg7 6. Be2 O-O 7. O-O Qb6 8. b3 Bg4 9. Ba3 Re8 10. Rc1 e6 11. h3 Bxf3 12. Bxf3 Nbd7 13. Be2 a5 14. Na4 Qa7 15. Rc2 Bf8 16. Bb2 Ne4 17. Bd3 Nd6 18. Nc3 Bg7 19. Qa1 a4 20. Qb1 axb3 21.
axb3 dxc4 22. bxc4 c5 23. d5 e5 24. Ne4 Nxe4 25.
Bxe4 Qb6 26. Qc1 Qd6 27. Bd3 e4 28. Be2 b6 29. Bxg7 Kxg7 30. Qb2+ Kg8 31. Rb1 Ra6 32. Qb5 Rea8 33. Rcb2 Ne5 34. Qb3 h5 35. Qc2 f5 36. Qc3 h4 37. Rf1 Ra3 38. Qc2 Ra1 39.
Rfb1 Rxb1+ 40. Qxb1 Ra6 41. Rb3 Qf6 42. Qb2 Kg7 43.
Bf1 Nd7 44. Qc2 Qa1 45. Rb1 Qe5 46. Rd1 Qd6 47. Qb2+ Ne5 48. f4 exf3 49. gxf3 Qf6 50. Qf2 f4 51. d6 Ra7 52. Rd5 Rd7 53. exf4 Nf7 54. f5 gxf5 55. f4 Rxd6 56. Bg2 Rxd5 57.
Bxd5 Nd6 58. Kh2 Ne4 59. Qg2+ Qg6 60. Qb2+ Kh7 61. Qa3 Qg3+ 62. Qxg3 Nxg3 0-1

[Event "*** Titled Tuesday Blitz"]
[Site "Chess.com"]
[Date "2020.05.19"]
[Round "8"]
[White "aaronmaster123"]
[Black "14Sokol88"]
[Result "1-0"]
[WhiteElo "2273"]
[BlackElo "2401"]
[TimeControl "180+1"]
[EndTime "13:37:28 PDT"]
[Termination "aaronmaster123 won on time"]

1. Nf3 g6 2. d4 Bg7 3. c4 d6 4.
g3 Nf6 5. Bg2 O-O 6. O-O Nbd7 7.
Qc2 e5 8. Rd1 Re8 9. Nc3 a6 10. b4 e4 11. Ng5 e3 12. Bxe3 Rxe3 13.
fxe3 Ng4 14. Nf3 Nxe3 15. Qd3 Nxd1 16. Rxd1 Nf8 17. e3 Bf5 18. e4 Bg4 19. h3 Bxf3 20.
Bxf3 Ne6 21. Ne2 c5 22. dxc5 dxc5 23. Qxd8+ Rxd8 24. Rxd8+ Nxd8 25. bxc5 Ne6 26. c6 bxc6 27. Kf2 Bd4+ 28. Ke1 c5 29. Nf4 Nd8 30. Kd2 Nc6 31.
a4 Kg7 32. Nd3 Kf6 33. Bg4 Ke7 34. Bc8 a5 35. Bb7 Nb8 36. Nf4 Kd6 37. Bd5 f6 38.
Bg8 g5 39. Nd3 h6 40. Bd5 Nd7 41. g4 Nf8 42. Ne1 Ng6 43. Ng2 Ke5 44. Ke2 Ne7 45. Kf3 Nc8 46. h4 Nb6 47. Ne1 Nxc4 48. Nd3+ Kd6 49.
Bxc4 Bc3 50. h5 Ba1 51. e5+ fxe5 52. Ke4 Bc3 53. Kf5 Kc6 54. Nf2 Kd6 55. Ne4+ Kc6 56.
Kg6 1-0